 Dungeon Crawl Stone Soup version 0.27.0-1-g7a089689b8 (webtiles) character file.

Game seed: 4813921814361837646

26633 Sobieck the Devastator (level 13, -4/68 HPs)
             Began as a Tengu Conjurer on Aug 1, 2021.
             Was an Elder of Vehumet.
             Slain by a death knight (29 damage)
             ... on level 14 of the Dungeon.
             The game lasted 00:50:42 (13816 turns).

Sobieck the Devastator (Tengu Conjurer)            Turns: 13816, Time: 00:50:44

Health: -4/68      AC: 10    Str:  8    XL:     13   Next: 27%
Magic:  38/38      EV: 16    Int: 28    God:    Vehumet [****..]
Gold:   781        SH:  7    Dex: 14    Spells: 16/34 levels left

rFire    + . .     SeeInvis .   l - staff of conjuration {!a@e2staff}
rCold    . . .     Faith    .   L - +2 buckler
rNeg     . . .     Spirit   .   J - +2 robe {rF+}
rPois    .         Reflect  .   (helmet restricted)
rElec    .         Harm     .   n - +2 cloak
rCorr    .         Rampage  .   u - +2 pair of gloves
Will     .....                  (boots unavailable)
Stlth    +++.......             o - amulet of magic regeneration {@e2}
HPRegen  0.21/turn              x - +6 ring of intelligence
MPRegen  0.51/turn              a - ring of magical power

@: flying quickly and evasively, quick
A: beak, talons 3, nimble flight
a: Renounce Religion


You were on level 14 of the Dungeon.
You worshipped Vehumet.
Vehumet was greatly pleased with you.
You visited 2 branches of the dungeon, and saw 15 of its levels.
You visited the Abyss 1 time.

You collected 781 gold pieces.


Innate Abilities, Weirdness & Mutations

You have a beak for a mouth.
You have claws for feet.
Your magical nature lets you fly swiftly and evasively.


   Skills:
 - Level 3.0 Fighting
 - Level 4.0 Dodging
 - Level 5.0 Stealth
 - Level 4.0 Shields
 - Level 11.0 Spellcasting
 + Level 18.2 Conjurations
 - Level 4.0 Hexes
 - Level 3.0 Translocations
 - Level 5.0 Air Magic
 - Level 5.0 Evocations


You had 16 spell levels left.
You knew the following spells:

 Your Spells              Type           Power      Damage    Failure   Level
a - Magic Dart            Conj           100%       1d8       0%          1
b - Searing Ray           Conj           100%       3d7       0%          2
c - Fulminant Prism       Conj/Hex       43%        3d20      1%          4
d - Iskenderun's Mystic   Conj/Tloc      84%        2d17      1%          4
e - Swiftness             Air            43%        N/A       1%          3
f - Airstrike             Air            21%        N/A       1%          4

Your spell library contained the following spells:

 Spells                   Type           Power      Damage    Failure   Level
 Lee's Rapid Deconstruct  Erth           7%         3d8*      24%         5
 Shock                    Conj/Air       100%       1d9       1%          1
 Blink                    Tloc           N/A        N/A       1%          2
 Slow                     Hex            37%        N/A       1%          2
 Confusing Touch          Hex            37%        N/A       1%          3
 Dazzling Flash           Conj/Hex       100%       N/A       1%          3
 Lesser Beckoning         Tloc           16%        N/A       3%          3
 Sublimation of Blood     Necr           7%         N/A       5%          2
 Wereblood                Tmut           15%        N/A       5%          2
 Vampiric Draining        Necr           7%         2d7       11%         3
 Manifold Assault         Tloc           32%        N/A       28%         5
 Summon Hydra             Summ           7%         N/A       100%        7
 Borgnjor's Revivificati  Necr           7%         N/A       100%        8
 Necromutation            Tmut/Necr      7%         N/A       100%        8
 Death's Door             Necr           7%         N/A       100%        9

Inventory:

Hand Weapons
 d - a +4 trident {polearm}
   (You took it off an orc priest on level 13 of the Dungeon)
 s - a +3 dagger {short}
   (You took it off an orc wizard on level 13 of the Dungeon)
Missiles
 e - 290 stones {throwing}
 g - 52 sling bullets
 h - 4 javelins {throwing}
 i - 16 boomerangs {throwing}
 m - 222 arrows
 p - 90 poisoned darts {throwing}
 q - 107 bolts
 P - 16 boomerangs of dispersal {=f!fthrowing}
Armour
 n - a +2 cloak (worn)
   (You took it off Maurice on level 8 of the Dungeon)
 u - a +2 pair of gloves (worn)
   (You found it on level 3 of the Dungeon)
 J - a +2 robe of fire resistance (worn)
   (You took it off Psyche on level 8 of the Dungeon)
 L - a +2 buckler (worn)
   (You found it on level 8 of the Dungeon)
Magical Staves
 l - a staff of conjuration (weapon) {!a@e2staff}
   (You found it on level 1 of the Dungeon)
 E - a staff of cold {!astaff}
   (You found it on level 6 of the Dungeon)
Jewellery
 a - a ring of magical power (right hand)
   (You found it on level 8 of the Dungeon)
 o - an amulet of magic regeneration (around neck) {@e2}
   (You found it on level 2 of the Dungeon)
 x - a +6 ring of intelligence (left hand)
   (You found it on level 5 of the Dungeon)
 z - a ring of see invisible
   (You found it on level 5 of the Dungeon)
 R - a ring of magical power
   (You found it on level 13 of the Dungeon)
 U - an amulet of guardian spirit
   (You found it on level 13 of the Dungeon)
Wands
 t - a wand of polymorph (18)
   (You took it off Sigmund on level 2 of the Dungeon)
 v - a wand of flame (80)
   (You found it on level 4 of the Dungeon)
 S - a wand of paralysis (4)
   (You found it on level 13 of the Dungeon)
Scrolls
 f - 2 scrolls of amnesia
 y - 2 scrolls of immolation {!r!r}
 A - a scroll of silence {!r}
 B - a scroll of blinking {!r}
 D - 3 scrolls of teleportation {@r4}
 K - a scroll of identify {unknown}
 T - a scroll of holy word {unknown}
Potions
 b - 3 potions of lignification {unknown}
 c - a potion of haste {unknown}
 j - 2 potions of berserk rage {unknown}
 k - 5 potions of curing {@q1}
 r - 3 potions of brilliance {unknown}
 w - 3 potions of degeneration {unknown}
 C - 2 potions of attraction {unknown}
 H - 2 potions of heal wounds {unknown}
 N - a potion of might {unknown}
 O - a potion of experience {unknown}
Miscellaneous
 F - a piece from Xom's chessboard (15/15)
   (You found it on level 10 of the Dungeon)
 V - a phantom mirror
   (You found it on level 12 of the Dungeon)

Dungeon Overview and Level Annotations

Branches:
Dungeon (14/15)            Temple (1/1) D:6            Lair (0/6) D:11
    Orc (0/2) D:10         Vaults (0/5) D:13

Altars:
Ashenzari
Cheibriados
Dithmenos
Elyvilon
Fedhas
Gozag
Hepliaklqana
Kikubaaqudgha
Makhleb
Nemelex Xobeh
Okawaru
Qazlal
Ru
Sif Muna
Trog
Uskayaw
Vehumet
Wu Jian
Xom
Yredelemnul
Zin
The Shining One

Shops:
D:1 *   D:7 ((   D:12 !

Annotations:
D:10 NEED Digging for scrolls
D:11 exclusion: 2 downstairs
D:13 exclusion: downstairs

#############
#............
#............
######............
#@.pQW............
######............
##...........
#..........#
#..........#
#..........#
#..........#
####.).....#
#.......#


You could see a death knight, a tengu warrior and a wraith.


Message History

Items here: )))) [.
Things that are here:
a +0 plate armour; a +0 halberd {polearm}
Things that are here:
a +0 giant club {mace}; a +0 giant club {mace}
There is a stone staircase leading down here.
You fly downwards. 2 tengu warriors come into view.
A tengu warrior is wielding a +3 battleaxe of draining.
The tengu warrior shouts!
You hear a shout!
A tengu warrior comes into view. It is wielding a +0 great mace.
The tengu warrior moves out of view.
There is a stone staircase leading up here.
Danger!
Casting: Fulminant Prism (safe; 1% risk of failure)
Confirm with . or Enter, or press ? or * to list all spells.
Okay, then.
Unknown command.
The troll shouts!
You hear a shout!
You fly upwards.
There is a stone staircase leading down here.
Press: ? - help, v - describe, . - travel A stone staircase leading down.
Placed new exclusion.
Reduced exclusion size to a single square.
Things that are here:
a +0 giant club {mace}; a +0 giant club {mace}
Things that are here:
a +0 plate armour; a +0 halberd {polearm}
Items here: )))) [.
Things that are here:
a +0 dagger {short}; a +0 rapier {short}; a +0 giant club {mace}
Things that are here:
a +0 chain mail; a +0 whip {mace}
There is a stone staircase leading down here.
You fly downwards.
There is a stone staircase leading up here.
A wraith comes into view.
Danger!
Casting: Fulminant Prism (safe; 1% risk of failure)
Confirm with . or Enter, or press ? or * to list all spells.
Aiming: Fulminant Prism (safe; 1% risk of failure)
Press: ? - help, Dir - move target You feel a surge of power!
You conjure a prism of explosive energy!
A fulminant prism comes into view.
You hear a loud crackle.
You hear an explosion!
You hear a shout!
Danger!
The death knight calls down the wrath of Yredelemnul upon you.
You struggle to resist.
Casting: Fulminant Prism (safe; 1% risk of failure)
Confirm with . or Enter, or press ? or * to list all spells.
Aiming: Fulminant Prism (safe; 1% risk of failure)
Press: ? - help, Dir - move target You feel a surge of power!
You conjure a prism of explosive energy!
A fulminant prism comes into view.
The death knight calls down the wrath of Yredelemnul upon you.
Your body is wracked with pain!
Your fulminant prism crackles loudly.
The blast of energy engulfs the death knight!!
There is a stone staircase leading up here.
Unknown command.
Casting: Fulminant Prism (safe; 1% risk of failure)
Confirm with . or Enter, or press ? or * to list all spells.
Aiming: Fulminant Prism (safe; 1% risk of failure)
Press: ? - help, Dir - move target You feel a surge of power!
You conjure a prism of explosive energy!
A fulminant prism comes into view.
The death knight offers itself to Yredelemnul, and fills with unholy energy.
Your fulminant prism crackles loudly.
Casting: Fulminant Prism (safe; 1% risk of failure)
Confirm with . or Enter, or press ? or * to list all spells.
Okay, then.
The death knight hits your fulminant prism with a +3 halberd!!
The blast of energy engulfs the death knight!!
The death knight reflects your damage back at you!
* * * LOW HITPOINT WARNING * * *
You hear a shout!
Unknown command.
Casting: Fulminant Prism (safe; 1% risk of failure)
Confirm with . or Enter, or press ? or * to list all spells.
Okay, then.
You fly upwards.
Level annotation: exclusion: downstairs
There is a stone staircase leading down here.
You start resting.
You start resting.
You fly downwards.
A wraith comes into view.
The death knight hits you from afar with a +3 halberd!!
The death knight calls down the wrath of Yredelemnul upon you.
Your body is wracked with pain!
* * * LOW HITPOINT WARNING * * *
There is a stone staircase leading up, spattered with blood here.
Danger!
The death knight hits you from afar with a +3 halberd!!
You die...

Skill      XL: |  1  2  3  4  5  6  7  8  9 10 11 12 13 |
---------------+----------------------------------------+-----
Conjurations   | 6 7 8 11 12 13 14 17 18 | 18.2
Spellcasting   | 3 4 5 6 8 10 11 | 11.0
Air Magic      | 1 3 5 |  5.0
Hexes          | 1 2 3 4 |  4.0
Fighting       | 2 3 |  3.0
Evocations     | 2 4 5 |  5.0
Dodging        | 4 |  4.0
Stealth        | 4 5 |  5.0
Translocations | 1 3 |  3.0
Shields        | 1 3 4 |  4.0

Action                   |  1- 3 |  4- 6 |  7- 9 | 10-12 | 13-15 || total
-------------------------+-------+-------+-------+-------+-------++-------
Melee: Dagger            |     2 |       |       |       |       ||     2
       Kick              |     1 |       |       |       |       ||     1
 Cast: Magic Dart        |    38 |    57 |    43 |     3 |       ||   141
       Searing Ray       |     7 |    22 |    46 |    26 |     2 ||   103
       Fulminant Prism   |       |       |    14 |   140 |    26 ||   180
       Iskenderun's Myst |       |       |       |     8 |     2 ||    10
  Use: Scroll            |       |     4 |     6 |     4 |     2 ||    16
 Stab: Sleeping          |     1 |       |       |       |       ||     1
Armor: Robe              |     3 |     2 |    11 |    11 |       ||    27
Dodge: Dodged            |    10 |     4 |    20 |    25 |     2 ||    61
Block: Buckler           |       |       |       |     9 |       ||     9

Levels and vault maps discovered:
D:1:      onia_arrival_pentagram, layout_basic, serial_shops, nicolae_shop_trees
D:2:      layout_basic, uniq_sigmund, uniq_terence
D:3:      layout_basic
D:4:      layout_loops_ring, serial_glass, glass_columns_a, glass_columns_a
D:5:      layout_basic, mainiacjoe_overflow_24_doors,
          gammafunk_temple_overflow_statue
D:6:      layout_gridville, kennysheep_mini, minmay_temple_entry_water_ring,
          solitary_fountain, uniq_menkaure
D:7:      layout_basic, serial_shops, shop, shop_fountains
D:8:      layout_cave_pools, mainiacjoe_overflow_small_starburst, uniq_maurice,
          uniq_erica, uniq_psyche
D:9:      layout_stronghold, xom_shifter_show, okawaru_humans,
          nicolae_dithmenos_the_darkroom, uniq_harold
D:10:     layout_irregular_city, zin_scriptorium,
          nicolae_hepliaklqana_hazy_memory, orc_0_dummy
D:11:     layout_loops_ring, erik_lair_orcish_takeover,
          minmay_unpleasant_kobolds
D:12:     layout_big_octagon, serial_shops, nicolae_take_the_stairs,
          minmay_diamond_spiral
D:13:     layout_basic, hangedman_vaults_entry_quadrant_bands,
          fiery_altar_vehumet
D:14:     minmay_bad_star, layout_basic, hangedman_glass_teeth
Temple:   minmay_temple_bridge_abc

Notes
Turn   | Place    | Note
-------+----------+-------------------------------------------
     0 | D:1      | Sobieck the Tengu Conjurer began the quest for the Orb.
     0 | D:1      | Reached XP level 1. HP: 10/10 MP: 4/4
    75 | D:1      | Reached XP level 2. HP: 15/15 MP: 0/6
   360 | D:1      | Learned a level 2 spell: Searing Ray
   475 | D:1      | Reached XP level 3. HP: 15/19 MP: 1/8
   594 | D:1      | Reached skill level 6 in Conjurations
   828 | D:1      | Found Faimn's General Store.
  1178 | D:2      | Reached skill level 3 in Spellcasting
  1400 | D:2      | Noticed Terence
  1405 | D:2      | Killed Terence
  1406 | D:2      | Reached XP level 4. HP: 24/24 MP: 1/9
  1481 | D:2      | Learned a level 4 spell: Fulminant Prism
  2004 | D:2      | Noticed Sigmund
  2034 | D:2      | Killed Sigmund
  2035 | D:2      | Reached skill level 4 in Spellcasting
  2035 | D:2      | Reached skill level 7 in Conjurations
  2035 | D:2      | Gained mutation: Your magical nature lets you fly swiftly
                  | and evasively. [Tengu growth]
  2035 | D:2      | Reached XP level 5. HP: 10/28 MP: 5/12
  2035 | D:2      | Reached XP level 6. HP: 11/32 MP: 5/13
  3231 | D:4      | You pick up a book of Air and begin reading...
  3231 | D:4      | You add the spells Shock, Swiftness and Airstrike to your
                  | library.
  3264 | D:4      | Learned a level 4 spell: Iskenderun's Mystic Blast
  3268 | D:4      | Learned a level 3 spell: Swiftness
  3440 | D:4      | Reached skill level 8 in Conjurations
  3493 | D:4      | Reached skill level 1 in Air Magic
  3525 | D:4      | Reached skill level 1 in Hexes
  3584 | D:4      | Reached XP level 7. HP: 36/36 MP: 10/15
  3872 | D:5      | Entered Level 5 of the Dungeon
  3913 | D:5      | Reached skill level 2 in Air Magic
  3962 | D:5      | Reached skill level 5 in Spellcasting
  3962 | D:5      | Reached skill level 3 in Air Magic
  4029 | D:5      | Reached skill level 2 in Hexes
  4303 | D:5      | You pick up a book of Air and begin reading...
  4367 | D:5      | You pick up a book of Spatial Translocations and begin
                  | reading...
  4367 | D:5      | You add the spells Blink, Lesser Beckoning and Manifold
                  | Assault to your library.
  4387 | D:5      | Reached XP level 8. HP: 27/41 MP: 12/16
  4388 | D:5      | Reached skill level 9 in Conjurations
  4388 | D:5      | Reached skill level 4 in Air Magic
  4733 | D:5      | Found a bloodstained altar of Trog.
  4819 | D:5      | You pick up a book of Debilitation and begin reading...
  4819 | D:5      | You add the spells Slow, Vampiric Draining and Confusing
                  | Touch to your library.
  4826 | D:5      | Found a glowing golden altar of the Shining One.
  4827 | D:5      | Found a hide-covered altar of Uskayaw.
  4991 | D:6      | Reached skill level 5 in Air Magic
  5033 | D:6      | Reached skill level 3 in Hexes
  5046 | D:6      | Reached skill level 10 in Conjurations
  5105 | D:6      | Reached skill level 11 in Conjurations
  5149 | D:6      | Noticed Menkaure
  5154 | D:6      | Killed Menkaure
  5155 | D:6      | Reached XP level 9. HP: 45/45 MP: 9/17
  5429 | D:6      | Reached skill level 12 in Conjurations
  5535 | D:6      | Found a staircase to the Ecumenical Temple.
  5624 | Temple   | Entered the Ecumenical Temple
  5807 | D:6      | Found a radiant altar of Vehumet.
  5810 | D:6      | Became a worshipper of Vehumet
  5890 | D:7      | Found Kamitz's Antique Weapon Boutique.
  6048 | D:7      | Reached skill level 1 in Fighting
  6212 | D:7      | Found Mirocini's Antique Weapon Shoppe.
  6320 | D:7      | Reached skill level 1 in Evocations
  6918 | D:8      | Reached skill level 3 in Dodging
  6928 | D:8      | Reached skill level 3 in Stealth
  7082 | D:8      | Noticed Maurice
  7108 | D:8      | Killed Maurice
  7109 | D:8      | Reached skill level 2 in Fighting
  7109 | D:8      | Reached skill level 2 in Evocations
  7112 | D:8      | Noticed Psyche
  7116 | D:8      | You are cast into the Abyss!
  7116 | D:8      | Cast into level 2 of the Abyss (Psyche)
  7122 | Abyss:2  | You add the spells Borgnjor's Revivification, Necromutation
                  | and Death's Door to your library.
  7136 | D:8      | You pass through the gate.
  7136 | D:8      | Escaped the Abyss
  7238 | D:8      | Killed Psyche
  7239 | D:8      | Reached skill level 1 in Translocations
  7334 | D:8      | Identified the +2 ring mail of Wisdom {Harm Regen+ Int-2
                  | Stlth+}
  7527 | D:8      | Noticed Erica
  7535 | D:8      | Killed Erica
  7536 | D:8      | Reached skill level 4 in Dodging
  7536 | D:8      | Reached skill level 4 in Stealth
  7536 | D:8      | Reached skill level 1 in Shields
  7536 | D:8      | Reached XP level 10. HP: 55/55 MP: 19/19
  7546 | D:8      | Reached skill level 3 in Fighting
  7567 | D:8      | Found an ornate altar of the Wu Jian Council.
  7602 | D:8      | Reached skill level 3 in Evocations
  7952 | D:9      | Reached skill level 2 in Translocations
  7956 | D:9      | Reached * piety under Vehumet
  7956 | D:9      | Offered knowledge of Freeze by Vehumet.
  7996 | D:9      | Noticed Harold
  8015 | D:9      | Killed Harold
  8016 | D:9      | Reached skill level 2 in Shields
  8016 | D:9      | Reached skill level 6 in Spellcasting
  8141 | D:9      | Found a shimmering altar of Xom.
  8143 | D:9      | Found a shimmering altar of Xom.
  8143 | D:9      | Found a shimmering altar of Xom.
  8148 | D:9      | Found a shimmering altar of Xom.
  8148 | D:9      | Found a shimmering altar of Xom.
  8148 | D:9      | Found a shimmering altar of Xom.
  8186 | D:9      | Found a shadowy altar of Dithmenos.
  8237 | D:9      | Reached skill level 4 in Hexes
  8371 | D:9      | Reached skill level 5 in Stealth
  8371 | D:9      | Reached skill level 13 in Conjurations
  8527 | D:9      | Reached skill level 3 in Shields
  8528 | D:9      | Found an iron altar of Okawaru.
  8548 | D:9      | Reached skill level 3 in Translocations
  8548 | D:9      | Reached skill level 4 in Evocations
  8548 | D:9      | Reached XP level 11. HP: 60/60 MP: 16/21
  9012 | D:10     | Entered Level 10 of the Dungeon
  9127 | D:10     | Noticed a two-headed ogre
  9145 | D:10     | Killed a two-headed ogre
  9192 | D:10     | Found a glowing silver altar of Zin.
  9317 | D:10     | Found a staircase to the Orcish Mines.
  9442 | D:10     | Reached skill level 4 in Shields
  9450 | D:10     | Reached skill level 7 in Spellcasting
  9450 | D:10     | Reached skill level 5 in Evocations
  9476 | D:10     | Offered knowledge of Sandblast by Vehumet.
  9485 | D:10     | Reached ** piety under Vehumet
  9674 | D:10     | Found a hazy altar of Hepliaklqana.
  9945 | D:11     | Noticed a two-headed ogre
  9964 | D:11     | Killed a two-headed ogre
  9965 | D:11     | Reached skill level 14 in Conjurations
 10127 | D:11     | You are sucked into a shaft and drop 3 floors!
 10128 | D:14     | Noticed a death knight
 10133 | D:14     | Noticed a green ugly thing
 10134 | D:14     | Noticed a green ugly thing
 10134 | D:14     | Noticed a green ugly thing
 10134 | D:14     | Noticed a green ugly thing
 10171 | D:13     | Noticed a death knight
 10186 | D:13     | Killed a death knight
 10187 | D:13     | Reached skill level 8 in Spellcasting
 10416 | D:13     | You pick up a book of Blood and begin reading...
 10416 | D:13     | You add the spells Sublimation of Blood, Wereblood and
                  | Summon Hydra to your library.
 10444 | D:13     | Noticed a phantasmal warrior
 10450 | D:13     | Killed a phantasmal warrior
 10475 | D:13     | Noticed a cyclops
 10481 | D:13     | Noticed a cyclops
 10484 | D:13     | Killed a cyclops
 10490 | D:13     | Killed a cyclops
 10575 | D:13     | Found a radiant altar of Vehumet.
 10624 | D:13     | You pick up a book of Air and begin reading...
 10637 | D:13     | Noticed a manticore
 10637 | D:13     | a manticore changed into a tarantella
 10654 | D:13     | Reached XP level 12. HP: 64/64 MP: 25/25
 10808 | D:12     | Noticed a two-headed ogre
 10810 | D:12     | Noticed a two-headed ogre
 10827 | D:12     | Reached skill level 15 in Conjurations
 10842 | D:12     | Killed a two-headed ogre
 10842 | D:12     | Killed a two-headed ogre
 10843 | D:12     | Reached skill level 9 in Spellcasting
 10953 | D:11     | Offered knowledge of Poisonous Vapours by Vehumet.
 11520 | D:11     | Reached *** piety under Vehumet
 11579 | D:11     | Found a staircase to the Lair.
 11762 | D:12     | Noticed a six-headed hydra
 11877 | D:12     | Reached skill level 16 in Conjurations
 11981 | D:12     | Learned a level 4 spell: Airstrike
 11999 | D:12     | Found Cumayh's Distillery.
 12019 | D:12     | Killed a six-headed hydra
 12020 | D:12     | Reached skill level 10 in Spellcasting
 12033 | D:12     | Noticed a tengu warrior
 12044 | D:12     | Killed a tengu warrior
 12044 | D:12     | Offered knowledge of Conjure Flame by Vehumet.
 12049 | D:12     | Noticed a soul eater
 12067 | D:12     | Noticed a boulder beetle
 12074 | D:12     | Killed a boulder beetle
 12155 | D:12     | Identified the +3 morningstar of Conformity {drain, rN+}
 12156 | D:12     | Noticed a boulder beetle
 12195 | D:12     | Identified the +6 dagger of the Key {flame, Str+3}
 12384 | D:12     | Identified the +1 broad axe "Nod Umerch" {elec, Int+3}
 12513 | D:13     | Noticed a two-headed ogre
 12519 | D:13     | Killed a two-headed ogre
 12520 | D:13     | Reached skill level 17 in Conjurations
 12520 | D:13     | Reached XP level 13. HP: 68/68 MP: 28/28
 12521 | D:13     | Reached skill level 11 in Spellcasting
 12531 | D:13     | Reached **** piety under Vehumet
 12671 | D:13     | Offered knowledge of Lee's Rapid Deconstruction by Vehumet.
 12701 | D:13     | HP: 7/68 [deep elf archer/arrow (27)]
 13039 | D:12     | Reached skill level 18 in Conjurations
 13131 | D:13     | Found a gate to the Vaults.
 13816 | D:14     | Slain by a death knight

Vanquished Creatures
  A hydra (D:12)
  Harold (D:9)
  2 boulder beetles (D:12)
  An ogre mage (D:13)
  Erica (D:8)
  A death knight (D:13)
  A tengu warrior (D:12)
  5 two-headed ogres
  A deep elf archer (D:13)
  A phantasmal warrior (D:13)
  2 deep elf pyromancers (D:13)
  3 cyclopes
  An orc knight (D:13)
  An ugly thing (D:11)
  Maurice (D:8)
  A gargoyle (D:12)
  Psyche (D:8)
  4 kobold demonologists
  A troll (D:13)
  A raiju (shapeshifter) (D:13)
  Sigmund (D:2)
  A redback (D:12)
  A tarantella (shapeshifter) (D:13)
  24 yaks
  3 wraiths
  2 humans (D:9)
  2 basilisks (D:13)
  3 wyverns
  3 wargs (D:11)
  Menkaure (D:6)
  5 vampire mosquitoes
  2 acid dragons (D:11)
  2 water moccasins
  A black bear (D:7)
  6 orc warriors
  An ice beast (D:6)
  3 sky beasts
  5 ogres
  2 necrophages
  3 centaurs
  2 phantoms (D:6)
  8 kobold brigands
  A bullfrog (D:8)
  A wyvern zombie (D:8)
  A water moccasin zombie (D:6)
  8 killer bees
  4 howler monkeys
  4 centaur zombies
  A bullfrog skeleton (D:6)
  3 jellies
  8 orc priests
  4 centaur skeletons
  5 iguanas
  Terence (D:2)
  10 orc wizards
  A hound skeleton (D:4)
  6 gnolls
  3 adders
  A shadow imp (D:4)
  4 white imps
  2 worms
  3 dart slugs
  20 orcs
  6 endoplasms
  3 giant cockroaches
  8 goblins
  7 hobgoblins
  10 jackals
  4 quokkas
  4 ball pythons
  4 frilled lizards
  26 kobolds
  3 rats
  A fulminant prism (D:13)
279 creatures vanquished.

Vanquished Creatures (others)
  178 fulminant prisms
  15 plants
193 creatures vanquished.

Grand Total: 472 creatures vanquished

Table legend:
 A = Non-vault XP
 B = Vault XP
 C = Vault XP percentage of total XP
 D = Non-vault monster count
 E = Vault monster count
 F = Vault count percentage of total count
                 A         B        C        D         E       F
            +---------+---------+-------+---------+---------+-------
      Total |   25682 |   12366 |  32.5 |     234 |      44 |  15.8
            +---------+---------+-------+---------+---------+-------
        D:1 |      67 |       0 |   0.0 |      22 |       0 |   0.0
        D:2 |      52 |     263 |  83.5 |      21 |       2 |   8.7
        D:3 |      53 |       0 |   0.0 |      14 |       0 |   0.0
        D:4 |     294 |       0 |   0.0 |      20 |       0 |   0.0
        D:5 |     939 |       0 |   0.0 |      16 |       0 |   0.0
        D:6 |     990 |     169 |  14.6 |      20 |       1 |   4.8
        D:7 |     591 |       0 |   0.0 |      11 |       0 |   0.0
        D:8 |     729 |    1810 |  71.3 |       8 |       3 |  27.3
        D:9 |    2430 |    1410 |  36.7 |      26 |       3 |  10.3
       D:10 |    3419 |       0 |   0.0 |      22 |       0 |   0.0
       D:11 |    3495 |     767 |  18.0 |      16 |      13 |  44.8
       D:12 |    7808 |    2581 |  24.8 |      24 |       4 |  14.3
       D:13 |    4815 |    5366 |  52.7 |      14 |      18 |  56.2
            +---------+---------+-------+---------+---------+-------

Illustrated notes

Table legend:
 A = Kills in this place as a percentage of kills in entire the game.
 B = Kills by you in this place as a percentage of kills by you in the entire game.
 C = Kills by friends in this place as a percentage of kills by friends in the entire game.
 D = Other kills in this place as a percentage of other kills in the entire game.
 E = Experience gained in this place as a percentage of experience gained in the entire game.
 F = Experience gained in this place divided by the number of levels of this place that you have seen.
                   A       B       C       D       E      F
               +-------+-------+-------+-------+-------+----------------------
         Total | 100.0 | 100.0 |   N/A |   N/A | 100.0 | 2378.0
       Dungeon | 100.0 | 100.0 |   N/A |   N/A | 100.0 | 2717.7
               +-------+-------+-------+-------+-------+----------------------

Table legend: (Time is in decaauts)
 A = Elapsed time spent in this place.
 B = Non-inter-level travel time spent in this place.
 C = Inter-level travel time spent in this place.
 D = Time resting spent in this place.
 E = Time spent auto-exploring this place.
 F = Levels seen in this place.
 G = Mean time per level.
                   A        B        C        D        E       F      G
               +--------+--------+--------+--------+--------+-----+--------+
         Total |  13051 |  12476 |    575 |   2552 |   6467 |  16 |  815.7 |
       Dungeon |  12886 |  12326 |    560 |   2552 |   6336 |  14 |  920.4 |
        Temple |    146 |    131 |     15 |      0 |    131 |   1 |  146.0 |
         Abyss |     18 |     18 |      0 |      0 |      0 |   1 |   18.0 |
               +--------+--------+--------+--------+--------+-----+--------+

Top non-repeatable levels by time:
    D:13: 1379 daAuts
    D:11: 1205 daAuts
     D:1: 1175 daAuts
     D:2: 1167 daAuts
     D:5: 1065 daAuts
     D:9: 1037 daAuts
     D:7: 918 daAuts
    D:12: 880 daAuts
     D:4: 835 daAuts
    D:10: 820 daAuts
     D:8: 793 daAuts
     D:6: 762 daAuts
     D:3: 597 daAuts
    D:14: 245 daAuts
  Temple: 146 daAuts
